 Dungeon Crawl Stone Soup version 0.20-a0-351-gc9b4002 (webtiles) character file.

21 terra53 the Sneak (level 2, 0/13 HPs)
             Began as a Spriggan Enchanter on Dec 25, 2016.
             Slain by a hobgoblin
             ... wielding a +0 short sword
              (2 damage)
             ... on level 1 of the Dungeon.
             The game lasted 00:04:10 (953 turns).

terra53 the Sneak (Spriggan Enchanter)               Turns: 953, Time: 00:04:10

Health: 0/13       AC:  3    Str:  4    XL:     2   Next: 62%
Magic:  5/6        EV: 18    Int: 16    God:
Gold:   12         SH:  0    Dex: 16    Spells: 3/6 levels left

rFire  . . .     SeeInvis +     a - +1 dagger
rCold  . . .     Gourm    .     b - +1 robe
rNeg   . . .     Faith    .     (shield restricted)
rPois  .         Spirit   .     (helmet restricted)
rElec  .         Reflect  .     (no cloak)
rCorr  .         Harm     .     (gloves unavailable)
MR     .....                    (boots unavailable)
Stlth  +++.......               (no amulet)
                                (no ring)
                                (no ring)

@: very quick
A: unfitting armour, see invisible, herbivore 3, speed 3, slow metabolism 2
a: no special abilities


You were on level 1 of the Dungeon.
You were not hungry.

You visited 1 branch of the dungeon, and saw 1 of its levels.

You collected 12 gold pieces.

Inventory:

Hand Weapons
 a - a +1 dagger (weapon)
Armour
 b - a +1 robe (worn)
Scrolls
 e - 2 scrolls of identify {unknown}
Potions
 g - a potion of heal wounds {unknown}
Books
 c - a book of Maledictions

   Spells                             Type                      Level
   a - Corona                         Hexes                        1
   b - Ensorcelled Hibernation        Hexes/Ice                    2
   c - Confuse                        Hexes                        3
   d - Tukima's Dance                 Hexes                        3
   e - Dazzling Spray                 Conjuration/Hexes            3
Comestibles
 d - a bread ration
 f - 2 fruits


   Skills:
 + Level 0.1 Fighting
 + Level 1.3 Short Blades
 + Level 3.3 Dodging
 + Level 4.7 Stealth
 + Level 2.9 Spellcasting
 + Level 4.1 Hexes


You had 3 spell levels left.
You knew the following spells:

 Your Spells              Type           Power        Failure   Level  Hunger
a - Corona                Hex            ###....      4%          1    #......
b - Ensorcelled Hibernat  Hex/Ice        #.....       14%         2    ##.....


Dungeon Overview and Level Annotations

Branches:
Dungeon (1/15)

Altars:


Innate Abilities, Weirdness & Mutations

You are very small and have problems with some larger weapons.
You are too small for most types of armour.
You have supernaturally acute eyesight. (SInv)
You are a herbivore.
You cover ground extremely quickly.
You need consume almost no food.


Message History

You hit the hobgoblin.
The hobgoblin is moderately wounded.
The hobgoblin hits you with a short sword.
* * * LOW HITPOINT WARNING * * *
You hit the hobgoblin but do no damage.
The hobgoblin is moderately wounded.
The hobgoblin misses you.
You barely miss the hobgoblin.
The hobgoblin is moderately wounded.
The hobgoblin hits you but does no damage.
You barely miss the hobgoblin.
The hobgoblin is moderately wounded.
The hobgoblin closely misses you.
You hit the hobgoblin.
The hobgoblin is severely wounded.
The hobgoblin hits you but does no damage.
You hit the hobgoblin.
The hobgoblin is almost dead.
The hobgoblin hits you with a short sword.
You die...

.# .# .# #######. #.###
........ ....
#.##.....##..# #
#.##......g..#.#..
####.##......@......#
#..#.##.........#.... ##
#..#.#............# .
..##..#.#........###.#
.......................
#.##.##.##.†..#......###
..........#.#.#........
.....##.#.#.#.#########
##......#.#.#.#


You could see a hobgoblin.

Vanquished Creatures
  2 dart slugs (D:1)
  2 bats (D:1)
  2 giant cockroaches (D:1)
  A goblin (D:1)
  4 jackals (D:1)
  2 kobolds (D:1)
  A rat (D:1)
14 creatures vanquished.

Notes
Turn   | Place    | Note
-------+----------+-------------------------------------------
     0 | D:1      | terra53 the Spriggan Enchanter began the quest for the Orb.
     0 | D:1      | Reached XP level 1. HP: 9/9 MP: 5/5
   327 | D:1      | Reached XP level 2. HP: 3/13 MP: 6/6
   415 | D:1      | Learned a level 2 spell: Ensorcelled Hibernation
   953 | D:1      | Slain by a hobgoblin

Vault maps used:
D:1:      zelgadis_glass_arrival_small

Skill      XL: |  1 |
---------------+----+-----
Hexes          | 4 |  4.1
Fighting       | |  0.1
Short Blades   | |  1.3
Dodging        | |  3.3
Stealth        | |  4.7
Spellcasting   | |  2.9

Action                   || total
-------------------------++-------
Melee: Dagger            ||    70
 Cast: Corona            ||    11
       Ensorcelled Hiber ||     5
 Stab: Sleeping          ||     5
       Distracted        ||     1
Armor: Robe              ||    15
Dodge: Dodged            ||    54
